 Dungeon Crawl Stone Soup version 0.25.1-2-g60ff931df9 (webtiles) character file.

Game seed: 16798488811584386843

16 Atelerd the Stinger (level 2, 0/17 HPs)
             Began as an Octopode Venom Mage on July 29, 2020.
             Slain by a jackal (2 damage)
             ... on level 1 of the Dungeon.
             The game lasted 00:00:31 (587 turns).

Atelerd the Stinger (Octopode Venom Mage)            Turns: 587, Time: 00:00:32

Health: 0/17       AC:  1    Str:  7    XL:     2   Next: 58%
Magic:  0/5        EV: 13    Int: 17    God:
Gold:   36         SH:  0    Dex: 12    Spells: 4/5 levels left

rFire    . . .     SeeInvis .   (no weapon)
rCold    . . .     Gourm    .   (no shield)
rNeg     . . .     Faith    .   (helmet restricted)
rPois    .         Spirit   .   (no amulet)
rElec    .         Reflect  .   (no ring)
rCorr    .         Harm     .   (no ring)
MR       .....                  (no ring)
Stlth    +++.......             (no ring)
HPRegen  0.05/turn              (no ring)
MPRegen  0.09/turn              (no ring)
                                (no ring)
                                (no ring)

@: no status effects
A: almost no armour, stealthy swim, amphibious, 8 rings, constrict 8, camouflage
1, gelatinous body 1
a: no special abilities


You were on level 1 of the Dungeon.
You were not hungry.

You visited 1 branch of the dungeon, and saw 1 of its levels.

You collected 36 gold pieces.

Inventory:

Scrolls
 d - a scroll of magic mapping {unknown}
 e - a scroll of remove curse {unknown}
 f - a scroll of immolation {unknown}
Potions
 a - a potion of cancellation {unknown}
 g - a potion of resistance {unknown}
Comestibles
 b - a ration
 c - a chunk of flesh


   Skills:
 - Level 2.0 Dodging
 - Level 2.6 Stealth
 + Level 2.3 Spellcasting
 + Level 1.5 Transmutations
 + Level 4.0 Poison Magic


You had 4 spell levels left.
You knew the following spells:

 Your Spells              Type           Power        Failure   Level  Hunger
a - Sting                 Tmut/Pois      ##..         6%          1    #......

Your spell library contained the following spells:

 Spells                   Type           Power        Failure   Level  Hunger
 Poisonous Vapours        Pois/Air       #.....       12%         2    ###....
 Ignite Poison            Fire/Tmut/Pois #.......     26%         3    ###....
 Mephitic Cloud           Conj/Pois/Air  #.......     32%         3    ###....
 Olgreb's Toxic Radiance  Pois           ###.....     34%         4    #####..


Dungeon Overview and Level Annotations

Branches:
Dungeon (1/15)

Altars:


Innate Abilities, Weirdness & Mutations

You cannot wear most types of armour.
You are very stealthy in the water. (Stealth+)
You are amphibious.
You can wear up to eight rings at the same time.
You can use your tentacles to constrict eight enemies at once.
Your skin changes colour to match your surroundings (Stealth+).
Your rubbery body absorbs attacks. (AC +1, EV +1)


Message History

* * * LOW HITPOINT WARNING * * *
Casting: Sting (safe; 6% risk of failure)
Confirm with . or Enter, or press ? or * to list all spells.
You don't have enough magic to cast that spell.
Unknown command.
Casting: Sting (safe; 6% risk of failure)
Confirm with . or Enter, or press ? or * to list all spells.
You don't have enough magic to cast that spell.
Unknown command.
You barely miss the jackal. Your grab misses the jackal.
Your squeeze misses the jackal. The jackal closely misses you.
You closely miss the jackal. Your grab misses the jackal.
The jackal bites you but does no damage.
The jackal barely misses you.
You closely miss the jackal. Your grab misses the jackal. The jackal bites you.
* * * LOW HITPOINT WARNING * * *
You tentacle-slap the jackal. Your grab misses the jackal.
The jackal is lightly wounded.
The jackal bites you.
You die...

##'#####
###.# #.#
#.# #...#♣
#.# #.#
#.#..# #.#
#.# #.#..#
#.###'##
#.#..#
#.#....#
#.#..#
#.#....#
#.#..#
###h#....#
#.#...
#!)@††...#
#.#.#.
#.###....#
#.#. #
#....#
#.#.
#.......
#.#.
########
#.#. #...
#.## #.##
#.##


You could see a jackal.

Vanquished Creatures
  A dart slug (D:1)
  2 giant cockroaches (D:1)
  A goblin (D:1)
  4 hobgoblins (D:1)
  2 jackals (D:1)
  A frilled lizard (D:1)
  A rat (D:1)
12 creatures vanquished.

Notes
Turn   | Place    | Note
-------+----------+-------------------------------------------
     0 | D:1      | Atelerd the Octopode Venom Mage began the quest for the
                  | Orb.
     0 | D:1      | Reached XP level 1. HP: 11/11 MP: 3/3
   202 | D:1      | Reached XP level 2. HP: 17/17 MP: 5/5
   579 | D:1      | Reached skill level 4 in Poison Magic
   587 | D:1      | Slain by a jackal

Illustrated notes

Levels and vault maps discovered:
D:1:      roderic_dead_forest, layout_basic

Skill      XL: |  1  2 |
---------------+-------+-----
Poison Magic   | 4 |  4.0
Dodging        | |  2.0
Stealth        | |  2.6
Spellcasting   | |  2.3
Transmutations | |  1.5

Action                   || total
-------------------------++-------
Melee: Unarmed           ||    28
       Constrict         ||     9
       Tentacles         ||     7
 Cast: Sting             ||     5
 Stab: Sleeping          ||     5
Armor: Skin              ||     1
Dodge: Dodged            ||    15
